General information
- name: BNet
- type: Ladder team game (AT/RT)
- host: Battle.net
- saver: BlutAusNord
map: Deadlands
- players: 8
- length: 29:03
- speed: Fast
- version: 1.26 W3XP
- replay type: Public
» download(200 KB)
Players
team 1 (loser)

»
papertowelroll (
orange | 89 APM | 2526 actions | 28:15)
6 Death Knight
3 Death Coil
3 Unholy Aura
6 Lich
3 Frost Nova
2 Frost Armor
1 Death and Decay
» actions
| Assign group hotkey | 82 | |
| Basic commands | 102 | |
| Build / train | 67 | |
| ESC pressed | 4 | |
| Enter build submenu | 37 | |
| Enter hero's abilities submenu | 14 | |
| Give item / drop item | 6 | |
| Right click | 1254 | |
| Select / deselect | 411 | |
| Select group hotkey | 437 | |
| Use ability | 112 | |
2526 total
» units
| Acolyte | 10 | |
| Ghoul | 3 | |
| Crypt Fiend | 11 | |
| Frost Wyrm | 6 | |
| Gargoyle | 4 | |
34 total
» upgrades
| Burrow | 1 | |
| Web | 1 | |
| Creature Attack | 2 | |
| Freezing Breath | 1 | |
5 total
» buildings
| Graveyard | 1 | |
| Crypt | 4 | |
| Altar of Darkness | 1 | |
| Ziggurat | 8 | |
| Tomb of Relics | 1 | |
| Nerubian Tower | 1 | |
| Halls of the Dead | 1 | |
| Black Citadel | 1 | |
| Sacrificial Pit | 1 | |
| Boneyard | 3 | |
| Necropolis | 4 | |
| Spirit Tower | 1 | |
27 total
» build order
00:13 Graveyard
00:15 Crypt
00:46 Altar of Darkness
01:02 Ziggurat
01:35 Tomb of Relics
02:05 Ziggurat
02:24 Nerubian Tower
04:12 Halls of the Dead
04:35 Ziggurat
06:29 Ziggurat
06:54 Black Citadel
08:43 Sacrificial Pit
09:36 Boneyard
10:24 Boneyard
10:26 Boneyard
10:38 Ziggurat
15:30 Necropolis
16:27 Ziggurat
19:00 Spirit Tower
20:36 Necropolis
20:38 Necropolis
21:19 Necropolis
21:42 Ziggurat
22:09 Ziggurat
22:26 Crypt
23:34 Crypt
23:36 Crypt
» items
| Rod of Necromancy | 2 | |
| Orb of Corruption | 1 | |
| Scroll of Healing | 2 | |
| Scroll of Regeneration | 2 | |
7 total

»
Tokin (
green | 54 APM | 1545 actions | 28:43)
7 Priestess of the Moon
3 Searing Arrows
3 Trueshot Aura
1 Starfall
» actions
| Assign group hotkey | 63 | |
| Basic commands | 106 | |
| Build / train | 54 | |
| Enter build submenu | 15 | |
| Enter hero's abilities submenu | 7 | |
| Give item / drop item | 1 | |
| Right click | 479 | |
| Select / deselect | 261 | |
| Select group hotkey | 493 | |
| Use ability | 65 | |
1545 total
» units
| Wisp | 13 | |
| Archer | 7 | |
| Dryad | 2 | |
| Druid of the Claw | 11 | |
33 total
» upgrades
| Improved Bows | 1 | |
| Strength of the Wild | 3 | |
| Reinforced Hides | 2 | |
| Abolish Magic | 1 | |
| Druid of the Claw Training | 2 | |
| Mark of the Claw | 1 | |
10 total
» buildings
| Altar of Elders | 1 | |
| Ancient of War | 1 | |
| Moon Well | 7 | |
| Tree of Ages | 1 | |
| Hunter's Hall | 1 | |
| Ancient of Lore | 4 | |
| Tree of Eternity | 1 | |
| Ancient of Wonders | 1 | |
17 total
» build order
00:19 Altar of Elders
00:33 Ancient of War
00:49 Moon Well
01:45 Moon Well
03:26 Tree of Ages
03:30 Moon Well
04:06 Hunter's Hall
06:49 Ancient of Lore
06:51 Ancient of Lore
09:40 Tree of Eternity
09:46 Ancient of Lore
09:57 Ancient of Lore
11:58 Moon Well
12:00 Moon Well
12:56 Moon Well
12:59 Moon Well
14:31 Ancient of Wonders
» items
BlutAusNord (
red | 81 APM | 2360 actions | 29:03)
6 Archmage
1 Summon Water Elemental
2 Brilliance Aura
2 Blizzard
1 Mass Teleport
» actions
| Assign group hotkey | 89 | |
| Basic commands | 156 | |
| Build / train | 146 | |
| ESC pressed | 8 | |
| Enter build submenu | 45 | |
| Enter hero's abilities submenu | 6 | |
| Give item / drop item | 5 | |
| Right click | 783 | |
| Select / deselect | 307 | |
| Select group hotkey | 678 | |
| Use ability | 137 | |
2360 total
» units
| Peasant | 17 | |
| Footman | 5 | |
| Sorceress | 2 | |
| Mortar Team | 7 | |
| Goblin Shredder | 3 | |
| Flying Machine | 6 | |
| Dragonhawk Rider | 1 | |
| Gryphon Rider | 1 | |
42 total
» upgrades
| Masonry | 3 | |
| Lumber Harvesting | 2 | |
| Sorceress Training | 1 | |
| Magic Sentry | 1 | |
| Gunpowder | 3 | |
| Armor | 3 | |
| Plating | 3 | |
| Fragmentation Shards | 1 | |
| Flak Cannons | 1 | |
| Flying Machine Bombs | 1 | |
| Barrage | 2 | |
21 total
» buildings
| Altar of Kings | 1 | |
| Barracks | 1 | |
| Farm | 8 | |
| Arcane Vault | 2 | |
| Lumber Mill | 1 | |
| Town Hall | 3 | |
| Keep | 4 | |
| Scout Tower | 18 | |
| Guard Tower | 39 | |
| Castle | 2 | |
| Arcane Sanctum | 1 | |
| Gryphon Aviary | 2 | |
| Blacksmith | 2 | |
| Workshop | 4 | |
88 total
» build order
01:13 Altar of Kings
01:15 Barracks
01:16 Farm
01:22 Farm
01:58 Farm
02:42 Arcane Vault
02:47 Farm
03:36 Lumber Mill
04:30 Town Hall
05:00 Keep
05:01 Keep
05:16 Scout Tower
05:18 Scout Tower
05:22 Scout Tower
05:47 Guard Tower
05:47 Guard Tower
05:47 Guard Tower
05:48 Guard Tower
05:48 Guard Tower
05:48 Guard Tower
05:49 Guard Tower
06:59 Arcane Vault
07:40 Castle
07:41 Castle
08:14 Scout Tower
08:17 Scout Tower
08:41 Town Hall
08:43 Scout Tower
08:44 Scout Tower
08:45 Scout Tower
08:46 Scout Tower
08:50 Guard Tower
09:04 Arcane Sanctum
09:50 Guard Tower
09:50 Guard Tower
09:50 Guard Tower
09:51 Guard Tower
11:43 Gryphon Aviary
11:44 Gryphon Aviary
11:57 Blacksmith
12:00 Blacksmith
12:16 Scout Tower
12:16 Scout Tower
12:17 Scout Tower
12:18 Scout Tower
12:20 Scout Tower
12:46 Guard Tower
12:46 Guard Tower
12:46 Guard Tower
12:47 Guard Tower
12:48 Guard Tower
13:13 Guard Tower
13:13 Guard Tower
14:06 Guard Tower
14:31 Scout Tower
14:32 Scout Tower
14:37 Scout Tower
14:39 Scout Tower
15:37 Workshop
15:39 Workshop
16:08 Workshop
16:30 Workshop
19:06 Farm
19:08 Farm
19:09 Farm
19:10 Farm
22:02 Guard Tower
22:02 Guard Tower
22:02 Guard Tower
22:05 Guard Tower
22:05 Guard Tower
25:03 Town Hall
» items
| Staff of Teleportation | 1 | |
| Periapt of Vitality | 2 | |
| Potion of Lesser Invulnerability | 2 | |
| Tome of Retraining | 1 | |
| Potion of Invisibility | 1 | |
| Scroll of Regeneration | 3 | |
| Scroll of Town Portal | 2 | |
12 total
Cruzer6 (
teal | 19 APM | 541 actions | 28:12)
4 Keeper of the Grove
2 Force of Nature
2 Thorns Aura
4 Pandaren Brewmaster
1 Drunken Haze
1 Drunken Brawler
2 Breath of Fire
» actions
| Basic commands | 13 | |
| Build / train | 50 | |
| Enter build submenu | 23 | |
| Enter hero's abilities submenu | 8 | |
| Give item / drop item | 2 | |
| Right click | 162 | |
| Select / deselect | 231 | |
| Use ability | 52 | |
541 total
» units
| Wisp | 14 | |
| Archer | 1 | |
| Huntress | 4 | |
| Dryad | 9 | |
| Druid of the Claw | 2 | |
30 total
» upgrades
| Strength of the Wild | 1 | |
| Reinforced Hides | 3 | |
| Abolish Magic | 1 | |
| Druid of the Claw Training | 1 | |
6 total
» buildings
| Moon Well | 7 | |
| Altar of Elders | 1 | |
| Ancient of War | 2 | |
| Hunter's Hall | 1 | |
| Ancient of Wonders | 1 | |
| Tree of Ages | 1 | |
| Ancient of Lore | 3 | |
| Tree of Eternity | 1 | |
| Ancient Protector | 3 | |
| Tree of Life | 1 | |
21 total
» build order
00:30 Moon Well
00:47 Altar of Elders
01:25 Ancient of War
01:58 Ancient of War
02:19 Hunter's Hall
02:25 Moon Well
03:13 Moon Well
03:25 Ancient of Wonders
03:29 Moon Well
05:33 Tree of Ages
07:20 Moon Well
08:27 Ancient of Lore
08:31 Ancient of Lore
08:35 Ancient of Lore
10:39 Moon Well
14:37 Tree of Eternity
16:24 Moon Well
23:35 Ancient Protector
23:38 Ancient Protector
23:42 Ancient Protector
23:49 Tree of Life
» items
| Circlet of Nobility | 1 | |
| Scroll of Town Portal | 1 | |
2 total
team 2 (winner)
Unsure (
purple | 58 APM | 1079 actions | 18:29)
4 Death Knight
2 Death Coil
1 Death Pact
1 Unholy Aura
2 Lich
1 Frost Nova
1 Frost Armor
» actions
| Assign group hotkey | 43 | |
| Build / train | 67 | |
| ESC pressed | 2 | |
| Enter build submenu | 24 | |
| Enter hero's abilities submenu | 6 | |
| Give item / drop item | 2 | |
| Right click | 463 | |
| Select / deselect | 178 | |
| Select group hotkey | 227 | |
| Use ability | 67 | |
1079 total
» units
| Acolyte | 17 | |
| Ghoul | 4 | |
| Crypt Fiend | 10 | |
| Frost Wyrm | 4 | |
35 total
» upgrades
| Creature Attack | 3 | |
| Web | 1 | |
| Creature Carapace | 2 | |
| Burrow | 1 | |
7 total
» buildings
| Ziggurat | 10 | |
| Crypt | 1 | |
| Graveyard | 1 | |
| Altar of Darkness | 1 | |
| Tomb of Relics | 1 | |
| Nerubian Tower | 1 | |
| Halls of the Dead | 1 | |
| Necropolis | 2 | |
| Spirit Tower | 4 | |
| Black Citadel | 1 | |
| Sacrificial Pit | 1 | |
| Boneyard | 3 | |
27 total
» build order
00:10 Ziggurat
00:15 Crypt
00:39 Graveyard
01:02 Altar of Darkness
01:12 Ziggurat
01:41 Tomb of Relics
01:58 Nerubian Tower
04:02 Ziggurat
04:32 Halls of the Dead
05:12 Necropolis
05:25 Necropolis
05:42 Ziggurat
07:11 Ziggurat
07:13 Ziggurat
07:15 Ziggurat
07:25 Ziggurat
08:09 Spirit Tower
08:23 Black Citadel
08:47 Spirit Tower
08:49 Ziggurat
08:50 Ziggurat
09:13 Sacrificial Pit
10:57 Boneyard
12:21 Boneyard
13:10 Boneyard
13:34 Spirit Tower
13:54 Spirit Tower
» items
| Rod of Necromancy | 1 | |
| Potion of Lesser Invulnerability | 1 | |
| Scroll of Speed | 1 | |
| Lesser Clarity Potion | 1 | |
| Healing Salve | 1 | |
| Potion of Healing | 3 | |
| Potion of Mana | 1 | |
| Scroll of Town Portal | 1 | |
10 total

»
hereIcum (
blue | 62 APM | 1518 actions | 24:37)
3 Far Seer
2 Feral Spirit
1 Chain Lighting
2 Tauren Chieftain
1 War Stomp
1 Endurance Aura
2 Shadow Hunter
1 Hex
1 Healing Wave
» actions
| Assign group hotkey | 65 | |
| Basic commands | 40 | |
| Build / train | 172 | |
| Enter build submenu | 34 | |
| Enter hero's abilities submenu | 7 | |
| Give item / drop item | 5 | |
| Right click | 474 | |
| Select / deselect | 319 | |
| Select group hotkey | 245 | |
| Use ability | 157 | |
1518 total
» units
| Peon | 16 | |
| Grunt | 14 | |
| Goblin Shredder | 7 | |
| Kodo Beast | 2 | |
| Spirit Walker | 4 | |
| Shaman | 4 | |
| Tauren | 6 | |
| Frost Wyrm | 4 | |
57 total
» upgrades
| Pillage | 1 | |
| Melee Weapons | 3 | |
| Berserker Strength | 1 | |
| Shaman Training | 3 | |
| Spirit Walker Training | 2 | |
| Armor | 3 | |
| War Drums Damage Increase | 1 | |
| Pulverize | 1 | |
| Reinforced Defenses | 1 | |
| Freezing Breath | 1 | |
| Creature Carapace | 1 | |
18 total
» buildings
| Orc Burrow | 7 | |
| Altar of Storms | 1 | |
| Barracks | 1 | |
| Voodoo Lounge | 1 | |
| War Mill | 1 | |
| Great Hall | 1 | |
| Stronghold | 3 | |
| Watch Tower | 10 | |
| Spirit Lodge | 2 | |
| Fortress | 3 | |
| Beastiary | 1 | |
| Tauren Totem | 2 | |
33 total
» build order
00:21 Orc Burrow
00:35 Altar of Storms
01:06 Barracks
01:28 Orc Burrow
02:08 Voodoo Lounge
02:36 Orc Burrow
03:08 War Mill
05:04 Great Hall
05:23 Stronghold
05:24 Stronghold
05:24 Stronghold
06:29 Orc Burrow
07:10 Watch Tower
07:11 Watch Tower
07:12 Watch Tower
07:15 Watch Tower
07:17 Watch Tower
07:18 Watch Tower
07:19 Watch Tower
07:54 Spirit Lodge
08:50 Watch Tower
10:22 Fortress
10:22 Fortress
10:38 Beastiary
12:06 Spirit Lodge
12:52 Tauren Totem
12:56 Tauren Totem
13:47 Orc Burrow
13:50 Orc Burrow
13:51 Orc Burrow
16:20 Watch Tower
16:23 Watch Tower
» items
| Healing Salve | 4 | |
| Scroll of Speed | 1 | |
| Scroll of Town Portal | 4 | |
| Potion of Healing | 7 | |
| Tiny Great Hall | 1 | |
| Orb of Lightning | 3 | |
| Scroll of Healing | 1 | |
| Potion of Lesser Invulnerability | 1 | |
| Scroll of Protection | 1 | |
23 total

»
Laser-Lightning (
pink | 40 APM | 843 actions | 20:49)
4 Mountain King
2 Storm Bolt
2 Bash
» actions
| Assign group hotkey | 23 | |
| Basic commands | 93 | |
| Build / train | 68 | |
| Enter build submenu | 23 | |
| Enter hero's abilities submenu | 5 | |
| Give item / drop item | 1 | |
| Right click | 216 | |
| Select / deselect | 190 | |
| Select group hotkey | 172 | |
| Use ability | 52 | |
843 total
» units
| Peasant | 10 | |
| Footman | 10 | |
| Knight | 6 | |
| Siege Engine | 6 | |
32 total
» upgrades
| Lumber Harvesting | 2 | |
| Masonry | 1 | |
| Plating | 2 | |
| Barrage | 1 | |
| Gunpowder | 1 | |
| Swords | 1 | |
8 total
» buildings
| Altar of Kings | 1 | |
| Farm | 9 | |
| Barracks | 1 | |
| Lumber Mill | 1 | |
| Scout Tower | 7 | |
| Arcane Tower | 1 | |
| Guard Tower | 6 | |
| Keep | 1 | |
| Arcane Vault | 1 | |
| Castle | 1 | |
| Blacksmith | 1 | |
| Workshop | 2 | |
32 total
» build order
00:09 Altar of Kings
00:12 Farm
00:19 Barracks
01:03 Farm
01:31 Lumber Mill
01:47 Scout Tower
02:09 Scout Tower
02:39 Arcane Tower
02:47 Guard Tower
02:55 Farm
03:01 Farm
04:04 Keep
04:12 Scout Tower
04:17 Farm
04:21 Scout Tower
04:39 Farm
04:46 Arcane Vault
04:48 Guard Tower
05:24 Guard Tower
06:10 Scout Tower
06:51 Castle
06:56 Scout Tower
06:58 Guard Tower
07:17 Blacksmith
08:09 Guard Tower
08:56 Workshop
10:18 Workshop
13:28 Farm
13:28 Farm
16:13 Scout Tower
16:15 Farm
17:16 Guard Tower
» items
| Scroll of Regeneration | 4 | |
| Lesser Clarity Potion | 6 | |
| Circlet of Nobility | 1 | |
| Boots of Speed | 1 | |
| Orb of Fire | 1 | |
| Potion of Healing | 1 | |
14 total
FREAKSWARSGINA (
yellow | 56 APM | 1616 actions | 29:03)
8 Mountain King
3 Storm Bolt
3 Bash
1 Avatar
1 Thunder Clap
» actions
| Assign group hotkey | 45 | |
| Basic commands | 17 | |
| Build / train | 81 | |
| Enter build submenu | 28 | |
| Enter hero's abilities submenu | 8 | |
| Give item / drop item | 9 | |
| Remove unit from queue | 2 | |
| Right click | 625 | |
| Select / deselect | 203 | |
| Select group hotkey | 498 | |
| Use ability | 100 | |
1616 total
» units
| Peasant | 13 | |
| Footman | 4 | |
| Goblin Shredder | 2 | |
| Gryphon Rider | 5 | |
| Mortar Team | 3 | |
| Dragonhawk Rider | 1 | |
28 total
» upgrades
| Masonry | 3 | |
| Lumber Harvesting | 1 | |
| Swords | 2 | |
| Armor | 2 | |
| Storm Hammers | 1 | |
| Animal War Training | 1 | |
| Cloud | 1 | |
| Gunpowder | 1 | |
| Flare | 1 | |
| Fragmentation Shards | 1 | |
14 total
» buildings
| Barracks | 1 | |
| Altar of Kings | 1 | |
| Farm | 13 | |
| Scout Tower | 25 | |
| Arcane Tower | 1 | |
| Lumber Mill | 2 | |
| Arcane Vault | 1 | |
| Town Hall | 1 | |
| Guard Tower | 10 | |
| Keep | 1 | |
| Blacksmith | 1 | |
| Castle | 1 | |
| Gryphon Aviary | 6 | |
| Workshop | 2 | |
66 total
» build order
00:12 Barracks
00:23 Altar of Kings
00:37 Farm
00:53 Farm
01:48 Scout Tower
01:52 Farm
02:25 Arcane Tower
03:03 Farm
03:14 Lumber Mill
03:38 Arcane Vault
04:43 Town Hall
04:47 Scout Tower
04:47 Scout Tower
04:48 Scout Tower
04:48 Scout Tower
04:49 Scout Tower
04:49 Scout Tower
05:31 Guard Tower
06:09 Guard Tower
06:11 Keep
06:37 Scout Tower
06:39 Scout Tower
06:39 Scout Tower
06:40 Scout Tower
06:43 Guard Tower
07:14 Guard Tower
08:20 Blacksmith
08:29 Scout Tower
08:29 Scout Tower
08:30 Scout Tower
08:30 Scout Tower
08:31 Scout Tower
08:31 Scout Tower
08:32 Scout Tower
08:34 Scout Tower
08:34 Scout Tower
08:37 Castle
09:04 Guard Tower
09:08 Gryphon Aviary
09:29 Gryphon Aviary
09:33 Guard Tower
10:07 Guard Tower
10:13 Farm
10:14 Farm
10:15 Farm
10:16 Farm
10:17 Farm
10:18 Farm
10:22 Farm
11:15 Gryphon Aviary
12:06 Lumber Mill
13:22 Scout Tower
13:23 Scout Tower
13:24 Scout Tower
13:25 Scout Tower
13:27 Scout Tower
13:28 Farm
13:29 Farm
14:03 Guard Tower
14:16 Gryphon Aviary
14:41 Guard Tower
16:49 Workshop
16:50 Workshop
20:14 Gryphon Aviary
20:15 Gryphon Aviary
» items
| Lesser Clarity Potion | 1 | |
| Scroll of Regeneration | 2 | |
| Potion of Mana | 1 | |
| Scroll of Town Portal | 3 | |
| Potion of Lesser Invulnerability | 1 | |
| Staff of Teleportation | 1 | |
| Boots of Speed | 1 | |
| Staff of Sanctuary | 1 | |
| Potion of Healing | 2 | |
13 total
Chat log
(00:33 / Allies) Cruzer6: what u-p
(00:40 / Allies) Tokin: wazzaaa
(00:50 / Allies) papertowelroll: getting tired of ud
(00:50 / All) FREAKSWARSGINA: is Thor the best superhero movie out there?
(00:51 / Allies) papertowelroll: keep getting them
(00:58 / All) BlutAusNord: The Thor movies are shit
(01:00 / All) BlutAusNord: so is Avengers
(01:03 / All) BlutAusNord: and other superhero movies
(01:06 / All) Tokin: they are all shit.
(01:09 / All) BlutAusNord: ^^
(01:10 / All) FREAKSWARSGINA: chris hemsworth is hot tho
(01:25 / All) hereIcum: i want his bod
(01:30 / All) FREAKSWARSGINA: 1st person i ever heard say avengers sucks
(01:38 / All) Unsure: GLADIATOR > ALL
(01:39 / All) BlutAusNord: It's just a cheap action flick
(01:45 / All) hereIcum: agree red
(01:48 / All) BlutAusNord: Well
(01:50 / Allies) Cruzer6: avengers ruld
(01:51 / All) BlutAusNord: It's a really expensive one lawl
(01:51 / All) Tokin: yeah I could hardly watch it half way through
(01:52 / All) BlutAusNord: but it sucks
(01:53 / All) papertowelroll: uhh thats the point?
(01:57 / All) hereIcum: they use the name to fool dumb america
(01:59 / All) FREAKSWARSGINA: russell crowe is a beast in gladiator
(02:04 / All) BlutAusNord: There are good action movies
(02:06 / All) BlutAusNord: like Alien
(02:09 / Allies) Cruzer6: we rush im duel rack
(02:09 / All) BlutAusNord: but not Avengers
(02:15 / All) papertowelroll: htf do you compare gladiator and the avengers
(02:16 / All) FREAKSWARSGINA: americans are smart fool,
(02:19 / All) papertowelroll: two totally different movies
(02:19 / All) papertowelroll: lol
(02:27 / All) Unsure: jus saying
(02:28 / All) hereIcum: dude dont compare alien to any marvel movie
(02:30 / All) BlutAusNord: Yeah since one is a lot better than the other
(02:33 / All) Unsure: i mean Titanic is cool to i guess
(02:47 / All) Unsure: GATSBY
(02:49 / All) FREAKSWARSGINA: which jackass started this conversation
(02:54 / All) FREAKSWARSGINA: dicapprio is coo
(03:00 / All) hereIcum: is gatsby good?
(03:01 / All) Unsure: stright boss
(03:06 / All) Unsure: Worth seeing
(03:18 / Allies) Cruzer6: yes we rush hard
(03:19 / All) Unsure: its no gladiator xD
(03:56 / All) FREAKSWARSGINA: xmen with ellen page is a beast super hero movie tho
(03:58 / All) FREAKSWARSGINA: shes a babe
(04:04 / All) hereIcum: i like her
(04:35 / Allies) Cruzer6: nback off
(04:49 / Allies) Cruzer6: no go get a mine
(05:04 / Allies) Tokin: T_T
(05:14 / All) FREAKSWARSGINA: the chick in hunger games series is aall right too
(05:21 / All) hereIcum: dude hunger games is shit
(05:27 / All) hereIcum: straight shit
(05:28 / All) BlutAusNord: Agreed
(05:33 / All) BlutAusNord: Battle Royale is better
(05:37 / All) BlutAusNord: Hunger Games is shit
(05:45 / All) BlutAusNord: Well both the book and movie suck
(05:46 / All) FREAKSWARSGINA: u guys smoking, battle royale is a rip off of hunger games
(05:48 / All) FREAKSWARSGINA: damn japs
(06:08 / Allies) Tokin: lemme get slippers
(06:09 / Allies) Tokin: agi
(06:25 / Allies) Cruzer6: give me -pot
(06:47 / Allies) papertowelroll: hit soon?
(07:25 / Allies) papertowelroll: hu got scroll?
(07:32 / Allies) BlutAusNord: it was an xp tome
(07:42 / Allies) papertowelroll: i mean from ur shop
(07:44 / All) FREAKSWARSGINA: WHO DOESN'T LOVE MANA BURNIN CREEPS
(07:45 / Allies) Cruzer6: yea i didnt get shit wtf
(08:00 / Allies) BlutAusNord: Well I dropped the chiems for if you wanted them
(08:01 / Allies) BlutAusNord: chimes
(08:54 / Allies) Tokin: oj I'll trade gauntlet for slippers
(09:31 / Allies) Cruzer6: u ok
(09:34 / Allies) Tokin: yeah
(09:51 / All) FREAKSWARSGINA: dont kill the shredda
(10:48 / Allies) Tokin: lol these guys
(11:19 / Allies) Tokin: the hell both your unit s are weak against piercing
(11:38 / Allies) Cruzer6: im out
(12:07 / Allies) papertowelroll: rally back pink pls
(12:08 / Allies) papertowelroll: i ahve no tp
(12:16 / Allies) papertowelroll: err gree
(12:17 / Allies) Cruzer6: we jus go sieget is theri not some one goin chims
(12:22 / Allies) Cruzer6: we will hit again asap
(12:33 / Allies) papertowelroll: im getting frsot
(12:35 / Allies) Cruzer6: fuck the towers we hit mains
(12:56 / Allies) Cruzer6: i goin bears dryads if that enuff aa
(13:08 / Allies) Tokin: I got bears stick with drys
(13:15 / Allies) BlutAusNord: wood me if you got spare
(13:18 / All) Cruzer6: k
(13:41 / Allies) BlutAusNord: tauren
(14:46 / All) papertowelroll: nice i can rape this
(14:52 / Allies) Cruzer6: no shop green wtf
(15:17 / All) BlutAusNord: FUCK
(15:21 / All) BlutAusNord: Almost got so lucky
(15:23 / All) BlutAusNord: Forgot about coil
(15:33 / All) Cruzer6: rape what
(15:52 / Allies) papertowelroll: they htere?
(16:01 / Allies) BlutAusNord: wood
(16:07 / Allies) Cruzer6: gold
(16:17 / Allies) BlutAusNord: ty
(17:20 / Allies) Tokin: aa
(17:21 / Allies) Tokin: shiiit
(17:47 / Allies) papertowelroll: fs
(17:52 / All) BlutAusNord: attack the hero with the invul potion yes
(18:37 / All) BlutAusNord: Aww
(18:40 / All) BlutAusNord: I was going to mortar that fag
(18:43 / All) hereIcum: just wow..
(18:47 / All) Cruzer6: nice hero target got you a long way huh
(19:33 / Allies) BlutAusNord: wood
(19:40 / Allies) BlutAusNord: ty
(19:42 / Allies) Cruzer6: gold
(19:48 / Allies) Cruzer6: 200
(19:55 / Allies) Cruzer6: you was a hundo behind lol;
(20:06 / Allies) BlutAusNord: Hey you gave me a meager amount of wood so don't expect big returns
(20:24 / Allies) Tokin: need lots of aa down here for yellow
(20:32 / Allies) Cruzer6: i gave you a hundred for a hundred every time and you jipt me one
(21:25 / Allies) Cruzer6: lets go oj b4 im out OF GOLD
(21:58 / Allies) papertowelroll: lets fight that army
(22:03 / Allies) papertowelroll: thx
(22:14 / Allies) Cruzer6: they are not their
(22:19 / All) BlutAusNord: Noob
(22:21 / All) BlutAusNord: What the fuck is this?
(22:25 / All) BlutAusNord: free gryphons lol
(22:32 / All) BlutAusNord: Faggot allies
(22:39 / All) BlutAusNord: That should have been my xp
(22:41 / All) BlutAusNord: you whores
(23:29 / Allies) Tokin: wtf red
(23:32 / Allies) BlutAusNord: xp thief
(23:38 / Allies) BlutAusNord: You can your whore friends took my gryphon xp
(23:39 / Allies) BlutAusNord: xp thiefs
(23:43 / Allies) BlutAusNord: leecher noobs
(23:46 / Allies) Tokin: ..........wow
(23:48 / Allies) Tokin: seriously dude
(23:51 / All) BlutAusNord: LEECHE SCRUBS
(23:53 / All) BlutAusNord: FUCKING LEECHES
(23:55 / All) BlutAusNord: LEECHER NOOBS
(23:58 / All) BlutAusNord: THEY TOOK MY XP
(23:59 / All) BlutAusNord: LEECHER TRASH
(24:07 / Allies) Cruzer6: i didnt idiot
(24:12 / All) BlutAusNord: YES YOU FUCKING DID BITCH
(24:16 / All) BlutAusNord: DON'T EVEN TRY TO ARGUE MOTHERFUCKER
(24:27 / Allies) Cruzer6: i wast with you whole game idiot
(24:39 / All) BlutAusNord: You are a son of a bitch and a son of a whore
(24:47 / All) BlutAusNord: You get the loss now motherfucker
(24:52 / All) BlutAusNord: XP stealing faggot
(25:08 / All) Cruzer6: your a idiot
(25:20 / All) BlutAusNord: And YOU, are an XP leecher
(25:24 / Allies) Tokin: are we not all lvl 10 already anyway
(25:24 / All) BlutAusNord: The scum of Battle.net
(25:27 / Allies) Tokin: the fuck are you taking about
(25:27 / All) BlutAusNord: OFF OF MY BATTLE.NET!
(25:38 / Allies) papertowelroll: ....
(26:00 / All) BlutAusNord: It's a matter of principle
(26:02 / Allies) papertowelroll: lets kill red
(26:13 / All) BlutAusNord: Try it you tking motherfucker xp leeching faggot
(26:22 / All) Tokin: it's 4v4 you fucking retard
(26:28 / All) BlutAusNord: Yeah work for the team
(26:31 / All) BlutAusNord: Not against itb y leeching
(26:35 / All) Tokin: as in
(26:39 / All) Tokin: IT DOESN'T FUCKING MATTER
(26:43 / All) Tokin: it's your teammate
(26:46 / All) BlutAusNord: YES IT FUCKING DOES
(26:50 / All) BlutAusNord: YOU STOLE MY MOTHERFUCKING XP
(26:51 / All) Tokin: we are all way p[ast level 6 anyway
(26:52 / All) BlutAusNord: YOU FAGGOT
(26:57 / All) Tokin: get the fuck over yourself you stupid fucking child
(27:00 / All) BlutAusNord: I WAS NOT AT THE TIME
(27:07 / All) BlutAusNord: YOU FUCKING SHIT GARBAGEBAG TRASHCUN MOTHERCUERKC CUNTLICKER
(27:13 / Allies) papertowelroll: red
(27:17 / Allies) papertowelroll: you seriously gonna make us lose?
(27:20 / Allies) Cruzer6: rejuv my bear
(27:22 / All) FREAKSWARSGINA: smart oj
(27:23 / All) BlutAusNord: YES MOTHERFUCKER
(27:25 / All) FREAKSWARSGINA: lose everythign
(27:28 / All) FREAKSWARSGINA: like anoob!
(27:36 / All) papertowelroll: we are getting tked
(27:37 / All) papertowelroll: idiot
(27:38 / Allies) Tokin: whyh am I the only one down here
(27:42 / All) FREAKSWARSGINA: be a man
(27:46 / All) FREAKSWARSGINA: tking is apart of 4v4
(27:50 / All) FREAKSWARSGINA: i am the victor
(27:52 / All) BlutAusNord: XP LEECHING FAGGOT
(27:54 / All) BlutAusNord: EAT SHIT MOTHERFUCKER
(28:00 / All) BlutAusNord: EAT IT CUNT
(28:02 / All) BlutAusNord: EAT SHIT
(28:04 / All) BlutAusNord: AND DIE FUCKER
(28:06 / All) Cruzer6: fuckin fagget as team red tk ass noob bull shit
(28:09 / Allies) papertowelroll: gj red
(28:14 / Allies) papertowelroll: ur super funny
(28:15 / All) FREAKSWARSGINA: cry cry more spic lol
(28:16 / All) BlutAusNord: XP LEECHING FAGS
(28:18 / All) BlutAusNord: FCUKING XP LEECHERS
(28:19 / All) BlutAusNord: GET THE FUCK OUT
(28:22 / All) BlutAusNord: GREEN YOU XP LEECHER
(28:23 / All) BlutAusNord: GET OUT
(28:26 / All) Tokin: what a dumb fucking retarded sack of shit you are red
(28:27 / All) BlutAusNord: GO LEECH ANOTHER PERSONS XP
(28:35 / All) BlutAusNord: Ahhhhh
(28:38 / All) FREAKSWARSGINA: green mad cuz he bad lol
(28:39 / All) BlutAusNord: My team has no more XP leechers
(28:39 / All) Tokin: you are only leeching yourself fucknut
(28:41 / All) BlutAusNord: No more filthy leechers
(28:43 / All) BlutAusNord: Yeah
(28:47 / All) BlutAusNord: He's super mad from ebing so bad
(28:51 / All) FREAKSWARSGINA: aim
(28:58 / All) BlutAusNord: I say my team loses
(28:59 / All) BlutAusNord: You?
(29:01 / All) FREAKSWARSGINA: k